 Dungeon Crawl Stone Soup version 0.28-a0-464-g0687ed57fd (webtiles) character file.

Game seed: 16770158298108426339

563366 Dabor the Unseen (level 26, -10/226 HPs)
             Began as a Vine Stalker Berserker on Sept 14, 2021.
             Was a High Priest of Trog.
             Mangled by a death scarab (16 damage)
             ... on level 2 of the Tomb of the Ancients.
             The game lasted 05:58:29 (54059 turns).

Dabor the Unseen (Vine Stalker Berserker)          Turns: 54059, Time: 05:58:30

Health: -10/226    AC: 39    Str: 33    XL:     26   Next: 71%
Magic:  0/24       EV: 13    Int:  7    God:    Trog [*****.]
Gold:   3416       SH: 19    Dex: 16    Spells: 25/25 levels left

rFire   + + +      SeeInvis .   d - +9 falchion of Trog's Vengeance {vorpal, Fragile rF+ rC++ rCorr}
rCold   + + +      Faith    .   W - +5 kite shield {reflect}
rNeg    + + +      Spirit   +   D - +8 plate armour "Xumummom" {rN++}
rPois   +          Reflect  +   p - +2 hood of the Assassin {Detection Stab+ Stlth++}
rElec   +          Harm     .   N - +2 cloak {rC+}
rCorr   +          Rampage  +   S - +2 pair of gloves {Str+3}
Will    +++++                   b - +1 pair of boots {rampage}
Stlth   ..........              U - amulet "Sussefao" {rF+ Regen+ Int+4 Slay+3}
HPRegen 3.47/turn               X - ring "Fuiraurph" {Will+ rCorr}
MPRegen 0.19/turn               A - ring "Razxuimp" {rF+ rN+ Int-4 Stlth+}

@: berserking, resistant, marked, strong-willed, regenerating, slowed
A: fangs 3, regeneration 1, magic shield, antimagic bite, no potion heal 2,
horns 1, screaming 1, wild magic 1, sturdy frame 1
}: 3/15 runes: decaying, serpentine, silver
a: Renounce Religion, Berserk, Trog's Hand, Brothers in Arms


You were on level 2 of the Tomb of the Ancients.
You worshipped Trog.
Trog was extremely pleased with you.
You visited 10 branches of the dungeon, and saw 46 of its levels.
You visited the Abyss 1 time.
You visited 1 bazaar.
You also visited: Ice Cave.

You collected 7314 gold pieces.
You spent 3898 gold pieces at shops.

Inventory:

Hand Weapons
 d - the +9 falchion of Trog's Vengeance (weapon) {vorpal, Fragile rF+ rC++ rCorr}
   (Trog gifted it to you on level 5 of the Vaults)

   It inflicts extra damage upon your enemies.
   rF:        It protects you from fire.
   rC:        It greatly protects you from cold.
   rCorr:     It protects you from acid and corrosion.
   Fragile:   It will be destroyed if unequipped.
 n - the +9 scimitar of Haxtyish {vorpal, *Rage rPois Str-4 SInv}
   (Trog gifted it to you on level 3 of the Vaults)

   It inflicts extra damage upon your enemies.
   Str:       It affects your strength (-4).
   rPois:     It protects you from poison.
   SInv:      It lets you see invisible.
   *Rage:     It lets you go berserk by making a melee attack (+20% chance).
 M - a +7 antimagic demon blade
 V - the +5 scimitar of Fatigue {flame, Dex+3}
   (Trog gifted it to you on level 4 of the Snake Pit)

   It burns those it strikes, dealing additional fire damage.
   Big, fiery blades are also staple armaments of hydra-hunters.
   Dex:       It affects your dexterity (+3).
Missiles
 x - 10 throwing nets
 F - 103 poisoned darts (quivered)
 G - 10 curare-tipped darts
 J - 15 atropa-tipped darts
 Q - 4 javelins
Armour
 b - a +1 pair of boots of rampaging (worn)
 g - a +2 cloak of preservation
 p - the +2 hood of the Assassin (worn) {Detection Stab+ Stlth++}
   (You acquired it on level 6 of the Lair of Beasts)

   It allows the wearer to sense nearby creatures.
   It allows the wearer to make particularly effective stabbing attacks against
   helpless or unaware enemies with any weapon.
   Stlth:     It makes you much more stealthy.
 D - the +8 plate armour "Xumummom" (worn) {rN++}
   (You took it off a deep elf blademaster on level 3 of the Elven Halls)

   rN:        It greatly protects you from negative energy.
 N - a +2 cloak of cold resistance (worn)
 S - a +2 pair of gloves of strength (worn)
 W - a +5 kite shield of reflection (worn)
 Y - a +1 tower shield of cold resistance
Jewellery
 h - the ring of the Suburbs {rPois rC+++ MP+9 Str-5 Dex+6 Stlth+}
   (You acquired it on level 4 of the Lair of Beasts)

   [ring of dexterity]

   Str:       It affects your strength (-5).
   Dex:       It affects your dexterity (+6).
   rC:        It renders you almost immune to cold.
   rPois:     It protects you from poison.
   MP:        It affects your magic capacity (+9).
   Stlth:     It makes you more stealthy.
 y - a ring of flight
 A - the ring "Razxuimp" (right hand) {rF+ rN+ Int-4 Stlth+}
   (You found it on level 1 of the Tomb of the Ancients)

   [ring of positive energy]

   Int:       It affects your intelligence (-4).
   rF:        It protects you from fire.
   rN:        It protects you from negative energy.
   Stlth:     It makes you more stealthy.
 U - the amulet "Sussefao" (around neck) {rF+ Regen+ Int+4 Slay+3}
   (You bought it in a shop on level 2 of the Orcish Mines)

   [amulet of regeneration]

   Int:       It affects your intelligence (+4).
   Slay:      It affects your accuracy & damage with ranged weapons and melee
   (+3).
   rF:        It protects you from fire.
   Regen:     It increases your rate of health regeneration.
 X - the ring "Fuiraurph" (left hand) {Will+ rCorr}
   (You found it on level 2 of the Crypt)

   [ring of willpower]

   rCorr:     It protects you from acid and corrosion.
   Will:      It increases your willpower.
Wands
 o - a wand of digging (12)
 r - a wand of acid (51)
 v - a wand of polymorph (43)
 w - a wand of mindburst (62)
 C - a wand of charming (18)
 Z - a wand of paralysis (48)
Scrolls
 a - a scroll of enchant armour
 e - 3 scrolls of silence
 k - a scroll of holy word
 l - 2 scrolls of summoning
 t - 8 scrolls of teleportation
 u - 5 scrolls of brand weapon
 z - a scroll of acquirement
 E - 3 scrolls of enchant weapon
 I - 5 scrolls of magic mapping
 R - 7 scrolls of fear
 T - 3 scrolls of fog
Potions
 c - 4 potions of flight
 f - 5 potions of haste
 i - 5 potions of cancellation
 j - 3 potions of ambrosia
 m - 4 potions of resistance
 q - 7 potions of might
 B - 13 potions of curing
 L - a potion of mutation
 O - a potion of invisibility
Miscellaneous
 s - a phantom mirror
 H - a phial of floods
 K - a tin of tremorstones (2/2)
 P - a box of beasts


   Skills:
 + Level 19.7 Fighting
 + Level 19.2 Long Blades
 - Level 9.6 Throwing
 * Level 19.8 Armour
 - Level 7.3 Dodging
 + Level 20.2 Stealth
 - Level 15.0 Shields
 - Level 11.8 Evocations


You had 25 spell levels left.
You didn't know any spells.
Your spell library was empty.

Dungeon Overview and Level Annotations

Branches:
Dungeon (14/15)            Temple (0/1) D:4            Lair (6/6) D:10
  Swamp (4/4) Lair:2        Snake (4/4) Lair:4        Slime (3/5) Lair:5
    Orc (2/2) D:9             Elf (3/3) Orc:2        Vaults (5/5) D:13
  Crypt (3/3) Vaults:2       Tomb (2/3) Crypt:3       IceCv (visited)

Altars:
Ashenzari
Fedhas
Kikubaaqudgha
Qazlal
Ru
Sif Muna
Trog
Uskayaw
Vehumet
Beogh

Shops:
D:2 (   Orc:2 [(:(=[*??   Snake:2 *:*   Vaults:1 *[:   Vaults:3 *   Vaults:4 ?
Vaults:5 !!!

Portals:
Trove: Vaults:4 (give 6 scrolls of blinking)

Annotations:
Swamp:1 3 runed translucent doors, TZer0's ghost, adept VSBe
Snake:1 3 runed translucent doors, Heedrag's ghost, journeyman DsFE


Innate Abilities, Weirdness & Mutations

You have razor-sharp teeth.
Your natural rate of healing is unusually fast.
When hurt, damage is shared between your health and your magic reserves.
Your bite disrupts and absorbs the magic of your enemies.
Potions cannot restore your health.
You have a pair of small horns on your head.
You occasionally shout uncontrollably at your foes.
Your spells are a little harder to cast, but a little more powerful.
Your movements are slightly less encumbered by armour. (ER -2)


Message History

You feel invigorated.
The death scarab is almost destroyed.
The death scarab disappears in a puff of smoke!
The death scarab misses you. The death scarab barely misses you. x2
You block the death scarab's attack. The death scarab barely misses you.
The death scarab bites you but does no damage.
The death scarab closely misses you. The death scarab barely misses you.
You completely miss the death scarab. Your bite misses the death scarab.
The death scarab is almost destroyed.
You block the death scarab's attack. The death scarab closely misses you.
You block the death scarab's attack. The death scarab bites you!
* * * LOW HITPOINT WARNING * * *
The death scarab drains your vigour!
You feel as though you will be slow longer.
The death scarab bites you!
* * * LOW HITPOINT WARNING * * *
The death scarab bites you but does no damage.
The royal mummy casts a spell.
The death scarab closely misses you. You block the death scarab's attack.
The death scarab barely misses you.
You hit the death scarab.
You destroy the death scarab!
Trog accepts your kill. You block the death scarab's attack.
The death scarab bites you but does no damage.
You block the death scarab's attack.
The death scarab bites you but does no damage.
The death scarab bites you.
* * * LOW HITPOINT WARNING * * *
The death scarab drains your vigour!
You feel as though you will be slow longer.
The death scarab closely misses you. The death scarab barely misses you.
The death scarab bites you!
* * * LOW HITPOINT WARNING * * *
The death scarab drains your vigour!
You feel as though you will be slow longer.
You hit the death scarab. Your bite misses the death scarab.
The death scarab is moderately damaged.
You block the death scarab's attack. The death scarab bites you!!
You die... {{ {{{ {{ {{{{

#########+####
{#.B@BB........
#sBBBZs.....(.
#.BBZB........
{#..sBBs.......
{#.##.......[..
#. #.....##...
#......V## ..
#......ZM..M.....
#....##.....(...
..


You could see a royal mummy, 4 emperor scorpions, a jiangshi (summoned), a
spectral spriggan defender (summoned), 11 death scarabs, a shard shrike
simulacrum (summoned) and a centaur warrior skeleton (summoned).

Vanquished Creatures
  4 dread liches
  Mennas (Crypt:2)
  Mara (Vaults:4)
  3 royal mummies (Tomb:1)
  Boris (Crypt:2)
  Bai Suzhen (Crypt:1)
  Vashnia (Snake:4)
  3 golden dragons (Vaults:5)
  A bone dragon (Crypt:3)
  3 tentacled monstrosities (Vaults:5)
  8 liches
  Jorgrun (Orc:1)
  Asterion (Vaults:1)
  8 titans (Vaults:5)
  3 deep elf blademasters
  2 quicksilver dragons
  3 ancient champions
  11 sphinxes
  A thorn hunter (Swamp:4)
  7 acid blobs
  Agnes (Elf:1)
  A storm dragon (Vaults:5)
  4 shadow dragons (Vaults:5)
  Donald (Swamp:1)
  The ghost of Wizop the Alchemist, an adept MfTm of Makhleb (Swamp:3)
  3 azure jellies
  2 rockslimes (Slime:2)
  4 nagarajas
  2 fire giants (Vaults:5)
  2 iron dragons (Vaults:5)
  4 deep elf sorcerers (Elf:3)
  A ghost moth (shapeshifter) (Vaults:5)
  A balrug (Abyss:4)
  A caustic shrike zombie (Crypt:2)
  4 curse skulls
  An orc warlord (Vaults:1)
  14 vault wardens
  7 deep elf elementalists (Elf:3)
  9 war gargoyles
  2 quicksilver oozes (Slime:1)
  13 very ugly things
  A reaper (IceCv)
  3 juggernaut skeletons (Crypt:2)
  13 ironbound preservers
  3 vampire knights (Crypt:1)
  2 caustic shrike skeletons (Crypt:3)
  5 stone giants (Vaults:5)
  7 deep elf demonologists
  10 deep elf annihilators
  Snorg (D:14)
  7 dire elephants
  5 eidola
  2 bunyips
  6 ettins (Vaults:5)
  A blizzard demon (Abyss:4)
  6 deep elf high priests
  An eleionoma (Swamp:4)
  2 crystal guardians
  A green death (Abyss:4)
  14 deep elf death magi
  5 mummy priests (Tomb:1)
  Harold (D:7)
  4 great orbs of eyes
  14 yaktaur captains
  3 ice dragons (Swamp:4)
  13 naga warriors
  5 peacekeepers
  A fenstrider witch zombie (Crypt:1)
  7 ironbound thunderhulks
  A rakshasa (D:14)
  12 hydras
  4 ogre magi
  A fenstrider witch skeleton (Crypt:2)
  A catoblepas (Lair:6)
  5 salamander tyrants
  3 death knights
  8 anacondas
  4 boulder beetles
  8 centaur warriors
  3 quicksilver dragon skeletons
  10 ironbound frosthearts
  31 vault guards
  36 dancing weapons
  7 death yaks
  A tengu warrior (D:14)
  8 ironbound beastmasters
  8 death scarabs
  16 two-headed ogres
  A deep troll shaman (Lair:6)
  A vampire mage (Crypt:2)
  8 alligators
  Urug (D:13)
  17 naga sharpshooters
  15 hell knights
  5 shock serpents
  Sonja (Orc:1)
  2 orc high priests
  Nergalle (Orc:2)
  20 deep elf knights
  3 sun demons (Abyss:4)
  6 sea snakes (Snake:3)
  2 sixfirhies (Abyss:4)
  3 salamander mystics
  59 skeletal warriors
  2 spriggan druids
  A spark wasp zombie (Crypt:2)
  42 deep trolls
  3 storm dragon skeletons
  A glowing orange brain (Vaults:2)
  2 swamp dragons
  3 goliath frogs
  A flayed ghost (Crypt:2)
  9 deep elf archers
  A glowing orange brain (shapeshifter) (Vaults:5)
  A golden dragon skeleton (Vaults:2)
  A naga ritualist (Snake:4)
  A bog body (Swamp:4)
  21 ironbound convokers
  12 phantasmal warriors
  2 large abominations (Abyss:4)
  9 lindwurms
  14 wizards
  28 deep elf zephyrmancers
  An iron giant skeleton (Crypt:3)
  8 orc knights
  6 necromancers
  A shadow dragon skeleton (Crypt:2)
  4 harpies (Vaults:1)
  A wolf spider (shapeshifter) (Vaults:5)
  A fire giant zombie (Vaults:2)
  3 anaconda skeletons (Crypt:2)
  35 deep elf pyromancers
  5 mana vipers
  31 ugly things
  A frost giant zombie (Vaults:5)
  3 orc sorcerers
  13 salamanders
  2 stone giant zombies (Crypt:1)
  3 manticores
  2 salamanders (shapeshifter)
  A worldbinder (Abyss:4)
  6 cyclopes
  7 will-o-the-wisps
  4 shining eyes
  2 iron dragon skeletons (Crypt:2)
  8 guardian serpents
  2 stone giant skeletons
  4 spriggan zombies
  An orange demon (Abyss:4)
  A dire elephant zombie (Tomb:1)
  3 ice statues
  9 elephants
  14 naga magi
  Maggie (D:7)
  5 gargoyles
  11 vault sentinels
  27 black mambas
  5 centaur skeletons
  3 torpor snails
  3 smoke demons
  3 dire elephant skeletons
  12 komodo dragons
  A rime drake (shapeshifter) (Elf:1)
  3 kobold demonologists
  5 ice devils (IceCv)
  2 rime drakes
  34 yaktaurs
  A tormentor (Abyss:4)
  A pale draconian zombie (Crypt:2)
  An alligator snapping turtle skeleton (Crypt:2)
  14 cane toads
  An entropy weaver simulacrum (IceCv)
  8 freezing wraiths
  An ancient zyme (Abyss:4)
  10 guardian mummies
  A tengu conjurer (D:14)
  A harpy zombie (Crypt:3)
  6 red devils (Crypt:3)
  A yaktaur skeleton (Vaults:2)
  A red draconian skeleton (Crypt:1)
  A black draconian skeleton (Crypt:1)
  3 meliai (D:14)
  9 trolls
  4 hornets
  2 tyrant leeches
  3 polar bears
  16 blink frogs
  A bloated husk (Swamp:1)
  A hydra skeleton (Crypt:2)
  A polar bear (shapeshifter) (Vaults:5)
  3 dream sheep (Lair:6)
  54 slime creatures
  A stone giant simulacrum (Vaults:4)
  A guardian serpent zombie (Crypt:2)
  A tarantella zombie (Crypt:1)
  9 harpy skeletons
  A dream sheep (shapeshifter) (Vaults:5)
  4 ettin skeletons
  7 shadows
  Sigmund (D:2)
  4 air elementals
  A yak (shapeshifter) (D:14)
  28 flying skulls
  3 spriggans
  10 fire elementals
  2 fire giant simulacra
  A fire dragon skeleton (Crypt:2)
  12 water elementals
  A black mamba zombie (Crypt:1)
  3 ushabtiu
  4 basilisks
  A vampire (D:11)
  A ynoxinul (Abyss:4)
  19 humans (D:13)
  13 wraiths
  4 wyverns
  A black mamba skeleton (Crypt:2)
  2 fire bats (Abyss:4)
  19 yaks
  3 death yak simulacra
  2 golden eyes (Slime:1)
  2 hogs (Swamp:1)
  5 swamp worm simulacra (Swamp:4)
  12 vampire mosquitoes
  A steam dragon (D:6)
  Menkaure (D:7)
  A minotaur simulacrum (Crypt:1)
  4 wargs
  2 acid dragons
  A harpy simulacrum (Crypt:1)
  13 swamp worms
  43 nagas
  14 hydra simulacra (Swamp:4)
  A sky beast (D:8)
  20 water moccasins
  39 orc warriors
  A deep troll skeleton (Crypt:3)
  A swamp drake (Swamp:1)
  3 black bears
  A swamp dragon zombie (Crypt:1)
  2 ice beasts (D:6)
  2 small abominations (Abyss:4)
  A necrophage (D:8)
  9 boggarts (Vaults:2)
  18 ogres
  9 centaurs
  12 wolves
  3 phantoms
  12 bullfrogs
  7 earth elementals
  8 kobold brigands
  7 gnoll sergeants
  2 wyvern zombies
  7 human skeletons
  A glowing shapeshifter simulacrum (Vaults:4)
  A scorpion (D:5)
  2 two-headed ogre simulacra (IceCv)
  4 cane toad simulacra
  A warg zombie (Crypt:1)
  9 killer bees
  An elephant simulacrum (IceCv)
  11 wights
  3 spriggan skeletons
  15 howler monkeys
  6 electric eels
  7 centaur zombies
  4 gnoll shamans (D:7)
  4 jellies
  11 hounds
  25 orc priests
  A scorpion zombie (D:5)
  3 iguanas
  26 orc wizards
  6 troll simulacra
  5 spriggan simulacra
  3 wolf simulacra
  A demigod zombie (Crypt:2)
  A naga zombie (Crypt:2)
  A demigod skeleton (Crypt:1)
  3 naga skeletons (Crypt:2)
  A hound zombie (D:5)
  17 mummies
  Robin (D:3)
  13 gnolls
  2 howler monkey skeletons
  8 adders
  A swamp drake zombie (Crypt:2)
  2 naga simulacra
  A shadow imp (D:7)
  3 swamp drake simulacra (Swamp:4)
  2 ufetubi (IceCv)
  2 adder skeletons (D:4)
  A halfling skeleton (Crypt:2)
  2 dart slugs
  A worm (D:2)
  98 orcs
  6 endoplasms
  3 giant cockroaches (D:2)
  11 goblins
  5 hobgoblins
  3 quokkas
  11 ball pythons
  8 bats
  5 frilled lizards
  18 kobolds
  4 rats
  A rat zombie (Crypt:1)
  A river rat zombie (Crypt:2)
  A withered plant (Crypt:3)
2003 creatures vanquished.

Vanquished Creatures (collateral kills)
  A dread lich (Vaults:5)
  Nikola (Swamp:3)
  A titan (Vaults:5)
  A quicksilver dragon (Snake:4)
  A tengu reaver (Vaults:5)
  Kirke (Swamp:1)
  A deep elf sorcerer (Elf:3)
  An orc warlord (Orc:2)
  4 very ugly things (Vaults:5)
  A war gargoyle (Vaults:5)
  2 stone giants (Vaults:5)
  A dire elephant (Vaults:3)
  A yaktaur captain (Vaults:3)
  A deep elf high priest (Elf:3)
  A catoblepas (D:10)
  A ghost crab (Swamp:4)
  3 centaur warriors (Vaults:3)
  A sun demon (Abyss:4)
  A deep troll (Vaults:3)
  A large abomination (Abyss:4)
  A flayed ghost (Crypt:1)
  3 deep elf pyromancers
  A deep elf zephyrmancer (Elf:1)
  An ugly thing (Vaults:3)
  2 vault sentinels
  4 freezing wraiths
  2 yaktaurs
  A troll (D:10)
  4 dream sheep (Lair:6)
  A flying skull (Tomb:1)
  2 yaks (Lair:6)
  A water elemental (Elf:2)
  A hog (Swamp:1)
  A fire bat (Abyss:4)
  A water moccasin (Lair:6)
  An orc warrior (D:10)
  2 orcs (D:10)
55 creatures vanquished.

Vanquished Creatures (others)
  An azure jelly (Swamp:4)
  A lorocyproca (Abyss:4)
  A necromancer (Vaults:4)
  A rime drake (Lair:5)
  A tyrant leech (Swamp:4)
  A small abomination (Abyss:4)
  2 electric eels (Lair:5)
  An orc wizard (Orc:2)
  9 demonic plants (Abyss:4)
  20 foxfires
  16 fungi
  A lurking horror (Abyss:4)
  77 plants
  12 withered plants (Crypt:3)
144 creatures vanquished.

Grand Total: 2202 creatures vanquished

Notes
Turn   | Place    | Note
-------+----------+-------------------------------------------
     0 | D:1      | Dabor the Vine Stalker Berserker began the quest for the
                  | Orb.
     0 | D:1      | Reached XP level 1. HP: 11/11 MP: 2/2
   199 | D:1      | Reached XP level 2. HP: 13/16 MP: 3/3
   690 | D:1      | Found a faded altar of an unknown god.
   893 | D:2      | Noticed Sigmund
   910 | D:2      | Reached XP level 3. HP: 20/20 MP: 4/4
   918 | D:2      | Killed Sigmund
   919 | D:2      | Reached skill level 1 in Throwing
   919 | D:2      | Reached skill level 1 in Shields
   919 | D:2      | Gained mutation: Your natural rate of healing is unusually
                  | fast. [Vine Stalker growth]
   919 | D:2      | Reached XP level 4. HP: 21/25 MP: 5/5
   919 | D:2      | Reached XP level 5. HP: 24/29 MP: 6/6
   970 | D:2      | Found Uhic's Weapon Shop.
   985 | D:2      | Reached ** piety under Trog
  1625 | D:3      | Reached XP level 6. HP: 33/33 MP: 5/7
  1645 | D:3      | Noticed Robin
  1693 | D:3      | Killed Robin
  2138 | D:4      | Found a blossoming altar of Fedhas.
  2255 | D:4      | Reached *** piety under Trog
  2278 | D:4      | Found a staircase to the Ecumenical Temple.
  2430 | D:4      | Reached XP level 7. HP: 38/38 MP: 6/8
  2828 | D:5      | Entered Level 5 of the Dungeon
  3016 | D:5      | Reached skill level 5 in Fighting
  3032 | D:5      | Gained mutation: You have razor-sharp teeth. [Vine Stalker
                  | growth]
  3032 | D:5      | Reached XP level 8. HP: 43/43 MP: 9/9
  3188 | D:5      | Reached skill level 1 in Stealth
  3502 | D:5      | Noticed a gargoyle
  3527 | D:5      | Killed a gargoyle
  3528 | D:5      | Reached skill level 2 in Stealth
  3742 | D:6      | Reached XP level 9. HP: 48/48 MP: 10/10
  3909 | D:6      | Reached skill level 3 in Stealth
  3909 | D:6      | Reached skill level 1 in Evocations
  3990 | D:6      | Identified a scroll of acquirement
  3990 | D:6      | Acquired a manual of Fighting
  4042 | D:6      | Reached **** piety under Trog
  4361 | D:7      | Found a shimmering blue altar of Sif Muna.
  4640 | D:7      | Reached skill level 5 in Long Blades
  4690 | D:7      | Reached skill level 4 in Stealth
  4701 | D:7      | Noticed Harold
  4712 | D:7      | Killed Harold
  4713 | D:7      | Reached XP level 10. HP: 53/56 MP: 11/11
  4764 | D:7      | Noticed Menkaure
  4771 | D:7      | Killed Menkaure
  4828 | D:7      | Noticed a manticore
  4839 | D:7      | Killed a manticore
  4853 | D:7      | Found a sacrificial altar of Ru.
  4874 | D:7      | Reached skill level 5 in Stealth
  4959 | D:7      | Noticed Maggie
  5035 | D:7      | You fall into a shaft and drop 3 floors!
  5035 | D:10     | Entered Level 10 of the Dungeon
  5035 | D:10     | Found a stormy altar of Qazlal.
  5627 | D:7      | Reached skill level 5 in Armour
  5723 | D:7      | Reached skill level 5 in Dodging
  5736 | D:7      | Killed Maggie
  5737 | D:7      | Reached skill level 6 in Stealth
  5904 | D:7      | Reached XP level 11. HP: 63/63 MP: 12/12
  5954 | D:7      | Noticed a sixfirhy
  5958 | D:7      | Reached skill level 10 in Fighting
  6273 | D:7      | Reached ***** piety under Trog
  7598 | D:9      | Reached skill level 7 in Stealth
  8237 | D:9      | Found a staircase to the Orcish Mines.
  8633 | D:9      | Paralysed by a hornet for 2 turns
  9198 | Orc:1    | Entered Level 1 of the Orcish Mines
  9392 | Orc:1    | Found a bloodstained altar of Trog.
  9515 | Orc:1    | Noticed an orc high priest
  9545 | Orc:1    | Noticed a sixfirhy
  9546 | Orc:1    | Killed an orc high priest
  9547 | Orc:1    | Reached skill level 5 in Shields
  9627 | Orc:1    | Reached skill level 8 in Stealth
  9806 | Orc:1    | Noticed Sonja
  9831 | Orc:1    | Killed Sonja
 10050 | Orc:1    | Noticed an orc knight
 10067 | Orc:1    | Killed an orc knight
 10068 | Orc:1    | Reached XP level 12. HP: 71/71 MP: 9/13
 10270 | Orc:1    | Noticed Jorgrun
 10288 | Orc:1    | Killed Jorgrun
 10289 | Orc:1    | Reached skill level 9 in Stealth
 10585 | Orc:2    | Entered Level 2 of the Orcish Mines
 10585 | Orc:2    | Found a staircase to the Elven Halls.
 10626 | Orc:2    | Found Ifusoel's Magic Scroll Shoppe.
 10636 | Orc:2    | Bought a scroll of identify for 30 gold pieces
 10636 | Orc:2    | Bought a scroll of fear for 52 gold pieces
 10636 | Orc:2    | Bought a scroll of enchant armour for 112 gold pieces
 10636 | Orc:2    | Bought a scroll of fog for 30 gold pieces
 10702 | Orc:2    | Found Riroa's Magic Scroll Shoppe.
 10712 | Orc:2    | Bought a scroll of enchant weapon for 112 gold pieces
 10712 | Orc:2    | Bought a scroll of enchant weapon for 112 gold pieces
 10712 | Orc:2    | Bought a scroll of enchant weapon for 112 gold pieces
 10718 | Orc:2    | Found Ofawaat's Jewellery Emporium.
 10728 | Orc:2    | Bought the amulet "Sussefao" {rF+ Regen+ Int+4 Slay+3} for
                  | 715 gold pieces
 10811 | Orc:2    | Noticed Nergalle
 10817 | Orc:2    | Noticed an orc warlord
 10962 | Orc:2    | Noticed an orc high priest
 10974 | Orc:2    | Killed an orc high priest
 11067 | Orc:2    | Killed Nergalle
 11245 | Orc:2    | Found Minnofot's Antique Armour Shop.
 11283 | Orc:2    | Found Fovirisch's General Store.
 11332 | Orc:2    | Found Ikitt's Book Shop.
 11334 | Orc:2    | Found Begevaom's Antique Weapon Shop.
 11355 | Orc:2    | Noticed a sun demon
 11413 | Orc:2    | Killed an orc warlord
 11414 | Orc:2    | Reached skill level 10 in Stealth
 11612 | Orc:2    | Found Ceomaatyu's Weapon Boutique.
 11629 | Orc:2    | Found Waegetad's Antique Armour Shoppe.
 12073 | Orc:2    | Bought a glowing cloak for 225 gold pieces
 12215 | D:10     | Noticed a catoblepas
 12224 | D:10     | Killed a catoblepas
 12245 | D:10     | Reached XP level 13. HP: 67/78 MP: 11/14
 12439 | D:10     | Found a staircase to the Lair.
 12597 | D:10     | You fall into a shaft and drop 1 floor!
 13202 | Lair:1   | Entered Level 1 of the Lair of Beasts
 13820 | Lair:2   | Reached skill level 10 in Long Blades
 13820 | Lair:2   | Reached skill level 11 in Stealth
 13826 | Lair:2   | Reached ****** piety under Trog
 14318 | Lair:2   | Received a gift from Trog
 14393 | Lair:2   | Gained mutation: You have sharp toenails. [potion of
                  | mutation]
 14394 | Lair:2   | Lost mutation: You have sharp toenails. [potion of
                  | mutation]
 14394 | Lair:2   | Gained mutation: You are agile. (Dex +2) [potion of
                  | mutation]
 14394 | Lair:2   | Gained mutation: You are frail. (-10% HP) [potion of
                  | mutation]
 14394 | Lair:2   | Gained mutation: You possess an exceptional clarity of
                  | mind. [potion of mutation]
 14450 | Lair:2   | Found a staircase to the Swamp.
 15951 | Lair:4   | Reached XP level 14. HP: 75/75 MP: 15/15
 16228 | Lair:4   | Acquired the ring of the Suburbs {rPois rC+++ MP+9 Str-5
                  | Dex+6 Stlth+}
 16570 | Lair:4   | Found a staircase to the Snake Pit.
 16773 | Snake:1  | Entered Level 1 of the Snake Pit
 16916 | Snake:1  | Reached skill level 12 in Stealth
 17447 | Snake:1  | Found a runed translucent gate.
 17447 | Snake:1  | Found a runed translucent gate.
 17447 | Snake:1  | Found a runed translucent gate.
 17448 | Snake:1  | Noticed Heedrag's ghost (journeyman DsFE)
 17501 | Snake:1  | Identified the +4 short sword of Equilibrium {venom, rC+}
 17629 | Snake:1  | Received a gift from Trog
 18285 | Snake:2  | Found Natioseh's General Store.
 18287 | Snake:2  | Found Pelino's Book Shoppe.
 18295 | Snake:2  | Found Jysivik's General Store.
 18311 | Snake:2  | Bought a +2 pair of gloves for 247 gold pieces
 18311 | Snake:2  | Bought a scroll of enchant weapon for 112 gold pieces
 18653 | Snake:2  | Noticed a nagaraja
 18663 | Snake:2  | Killed a nagaraja
 18664 | Snake:2  | Reached XP level 15. HP: 79/79 MP: 16/16
 19125 | Snake:3  | Reached skill level 13 in Stealth
 19674 | Snake:3  | Reached skill level 5 in Throwing
 19739 | Snake:3  | Noticed a nagaraja
 19754 | Snake:3  | Killed a nagaraja
 20061 | Snake:4  | Entered Level 4 of the Snake Pit
 20357 | Snake:4  | Identified the +10 lajatang of Twilight {flame, Str+3}
                  | (Trog gifted it to you on level 4 of the Snake Pit)
 20357 | Snake:4  | Received a gift from Trog
 20358 | Snake:4  | Reached skill level 15 in Fighting
 20994 | Snake:4  | Reached skill level 10 in Shields
 20994 | Snake:4  | Reached XP level 16. HP: 69/85 MP: 14/17
 20998 | Snake:4  | Noticed Vashnia
 21000 | Snake:4  | Noticed a nagaraja
 21367 | Snake:4  | Killed a nagaraja
 21424 | Snake:4  | Reached skill level 14 in Stealth
 21542 | Snake:4  | Killed Vashnia
 21816 | Snake:4  | Identified the +5 scimitar of Fatigue {flame, Dex+3} (Trog
                  | gifted it to you on level 4 of the Snake Pit)
 21816 | Snake:4  | Received a gift from Trog
 21975 | Snake:4  | Noticed a quicksilver dragon
 21988 | Snake:4  | Killed a quicksilver dragon
 22001 | Snake:4  | Noticed a quicksilver dragon
 22002 | Snake:4  | Killed a quicksilver dragon
 22070 | Snake:4  | Got a serpentine rune of Zot
 22196 | Snake:4  | Noticed a nagaraja
 22222 | Snake:4  | Killed a nagaraja
 22856 | Swamp:1  | Entered Level 1 of the Swamp
 23024 | Swamp:1  | Identified the amulet of Ysuid {Faith +Blink Dex+6}
 23050 | Swamp:1  | Found a runed translucent gate.
 23050 | Swamp:1  | Found a runed translucent gate.
 23050 | Swamp:1  | Found a runed translucent gate.
 23050 | Swamp:1  | Noticed a tentacled monstrosity
 23051 | Swamp:1  | Noticed TZer0's ghost (adept VSBe)
 23062 | Swamp:1  | Noticed a fenstrider witch
 23220 | Swamp:1  | Noticed Donald
 23228 | Swamp:1  | Noticed Kirke
 23275 | Swamp:1  | Killed Donald
 23317 | Swamp:1  | Received a gift from Trog
 23322 | Swamp:1  | Killed Kirke
 23639 | Swamp:2  | Reached XP level 17. HP: 89/89 MP: 18/18
 24425 | Swamp:3  | Noticed Nikola
 24435 | Swamp:3  | Killed Nikola
 24536 | Swamp:3  | Found a runed translucent door.
 24536 | Swamp:3  | Noticed Wizop's ghost (adept MfTm)
 24547 | Swamp:3  | Killed Wizop's ghost
 24848 | Swamp:4  | Entered Level 4 of the Swamp
 25944 | Swamp:4  | Received a gift from Trog
 25997 | Swamp:4  | Got a decaying rune of Zot
 26094 | Swamp:1  | Reached skill level 10 in Armour
 26300 | Elf:1    | Entered Level 1 of the Elven Halls
 26321 | Elf:1    | Found a radiant altar of Vehumet.
 26398 | Elf:1    | Noticed Agnes
 26409 | Elf:1    | Killed Agnes
 26505 | Elf:1    | Found a flickering gateway to a bazaar.
 26512 | Bazaar   | Entered a bazaar
 26512 | Bazaar   | Found Wasal's Weapon Shoppe.
 26517 | Bazaar   | Found Pusoang's Armour Shop.
 26525 | Bazaar   | Found Efewk's Antique Armour Shop.
 26529 | Bazaar   | Found Zochiu's Antique Armour Shoppe.
 26538 | Bazaar   | Found Dev Amer's Distillery.
 26560 | Bazaar   | Bought a shiny helmet for 210 gold pieces
 26575 | Bazaar   | Bought a +3 plate armour of cold resistance for 450 gold
                  | pieces
 26947 | Elf:1    | Reached skill level 15 in Long Blades
 27198 | Elf:1    | Reached XP level 18. HP: 94/94 MP: 19/19
 27501 | Elf:2    | Received a gift from Trog
 27606 | Elf:2    | Paralysed by an air elemental for 1 turns
 27611 | Elf:2    | Paralysed by an air elemental for 1 turns
 27618 | Elf:2    | Paralysed by an air elemental for 1 turns
 27620 | Elf:2    | Paralysed by an air elemental for 1 turns
 27628 | Elf:2    | Paralysed by an air elemental for 1 turns
 27632 | Elf:2    | Paralysed by an air elemental for 1 turns
 27831 | Elf:2    | Found a runed translucent gate.
 27831 | Elf:2    | Found a runed translucent gate.
 27835 | Elf:2    | Found a runed translucent gate.
 28023 | Elf:2    | Noticed a deep elf blademaster
 28043 | Elf:2    | Killed a deep elf blademaster
 28044 | Elf:2    | Reached skill level 5 in Evocations
 28882 | Elf:3    | Entered Level 3 of the Elven Halls
 29047 | Elf:3    | Paralysed by an air elemental for 1 turns
 29053 | Elf:3    | Paralysed by an air elemental for 1 turns
 29374 | Elf:3    | Acquired a manual of Armour
 29530 | Elf:3    | Reached XP level 19. HP: 98/98 MP: 20/20
 29815 | Elf:3    | Cast into level 4 of the Abyss (a deep elf sorcerer)
 30053 | Abyss:4  | Received a gift from Trog
 30082 | Elf:3    | Escaped the Abyss
 30125 | Elf:3    | Noticed a Tzitzimitl
 30360 | Elf:3    | Paralysed by an orc sorcerer for 7 turns
 30435 | Elf:3    | Identified the +8 plate armour "Xumummom" {rN++}
 30709 | Elf:3    | Received a gift from Trog
 31250 | Elf:3    | Identified the +11 dagger of Fragile Peace {flame, rC+ MP+9
                  | Str+4 Dex-3}
 31317 | Elf:3    | Identified the ring of Salvation {Ice rN+ Int+2 Dex+2
                  | Slay-2}
 31507 | Elf:3    | Identified the +7 quarterstaff of Weoral {flame, rPois
                  | Int+4 SInv}
 31507 | Elf:3    | Identified the ring of Une Awku {Will+ Int+6}
 31571 | Elf:3    | Identified the +5 spear of Quick Death {vorpal, rN++ Will+
                  | Str-4}
 31592 | Elf:3    | Identified the +2 rapier of the Doomed Warrior {drain,
                  | Dex+4}
 32116 | Lair:5   | Found a staircase to the Slime Pits.
 32281 | Lair:5   | Found a hide-covered altar of Uskayaw.
 32749 | Slime:1  | Entered Level 1 of the Pits of Slime
 32929 | Slime:1  | Reached XP level 20. HP: 104/104 MP: 21/21
 32956 | Slime:1  | Identified the +0 demon blade of the Living Dead {vorpal,
                  | *Rage rF+ Will- Dex+2} (Trog gifted it to you on level 1 of
                  | the Pits of Slime)
 32956 | Slime:1  | Received a gift from Trog
 33947 | Slime:2  | Lost mutation: You are agile. (Dex +2) [a shining eye]
 33949 | Slime:2  | Gained mutation: Your body sometimes deteriorates upon
                  | taking damage. [a shining eye]
 34101 | Lair:4   | Lost mutation: Your body sometimes deteriorates upon taking
                  | damage. [potion of mutation]
 34101 | Lair:4   | Lost mutation: You are frail. (-10% HP) [potion of
                  | mutation]
 34101 | Lair:4   | Lost mutation: You possess an exceptional clarity of mind.
                  | [potion of mutation]
 34101 | Lair:4   | Gained mutation: You sometimes lose the ability to read
                  | scrolls when taking damage. [potion of mutation]
 34101 | Lair:4   | Gained mutation: You are agile. (Dex +2) [potion of
                  | mutation]
 34287 | Orc:2    | Bought a potion of mutation for 104 gold pieces
 34713 | Slime:2  | Gained mutation: Your body sometimes deteriorates upon
                  | taking damage. [a shining eye]
 34716 | Slime:2  | Gained mutation: You are frail. (-10% HP) [a shining eye]
 34730 | Slime:2  | Lost mutation: You are frail. (-10% HP) [potion of
                  | mutation]
 34730 | Slime:2  | Lost mutation: You sometimes lose the ability to read
                  | scrolls when taking damage. [potion of mutation]
 34730 | Slime:2  | Lost mutation: You are agile. (Dex +2) [potion of mutation]
 34730 | Slime:2  | Gained mutation: You have large cloven feet. [potion of
                  | mutation]
 34730 | Slime:2  | Gained mutation: You are partially covered in iridescent
                  | scales. (AC +2) [potion of mutation]
 34999 | Slime:3  | Gained mutation: You are frail. (-10% HP) [a shining eye]
 35000 | Slime:3  | Gained mutation: You are very frail. (-20% HP) [a shining
                  | eye]
 35027 | Slime:3  | Gained mutation: You occasionally shout uncontrollably at
                  | your foes. [a shining eye]
 35180 | Lair:6   | Entered Level 6 of the Lair of Beasts
 35766 | Lair:6   | Acquired the +2 hood of the Assassin {Detection Stab+
                  | Stlth++}
 35766 | Lair:6   | Found the +2 hood of the Assassin {Detection Stab+ Stlth++}
 36043 | Lair:6   | Identified the +6 chain mail "Sutir" {Str+4}
 37276 | D:12     | Found a frozen archway.
 37302 | IceCv    | Entered an ice cave
 38344 | D:13     | Received a gift from Trog
 38506 | D:13     | Found a gate to the Vaults.
 38524 | D:13     | Identified the +2 robe "Gyalytei" {-Tele rElec Dex+8}
 38727 | D:13     | Noticed Urug
 38741 | D:13     | Killed Urug
 39034 | D:14     | Noticed Snorg
 39036 | D:14     | Killed Snorg
 39037 | D:14     | Reached XP level 21. HP: 96/96 MP: 10/22
 39255 | D:14     | Found a broken altar of Ashenzari.
 39388 | D:14     | Received a gift from Trog
 39760 | Vaults:1 | Entered Level 1 of the Vaults
 40377 | Vaults:1 | Lost mutation: You are partially covered in iridescent
                  | scales. (AC +2) [potion of mutation]
 40377 | Vaults:1 | Lost mutation: You have large cloven feet. [potion of
                  | mutation]
 40377 | Vaults:1 | Lost mutation: Your body sometimes deteriorates upon taking
                  | damage. [potion of mutation]
 40377 | Vaults:1 | Gained mutation: Your movements are slightly less
                  | encumbered by armour. (ER -2) [potion of mutation]
 40377 | Vaults:1 | Gained mutation: You frequently scream uncontrollably at
                  | your foes. [potion of mutation]
 40378 | Vaults:1 | Lost mutation: You are very frail. (-20% HP) [potion of
                  | mutation]
 40378 | Vaults:1 | Lost mutation: You frequently scream uncontrollably at your
                  | foes. [potion of mutation]
 40378 | Vaults:1 | Lost mutation: You are frail. (-10% HP) [potion of
                  | mutation]
 40378 | Vaults:1 | Gained mutation: You have a pair of small horns on your
                  | head. [potion of mutation]
 40378 | Vaults:1 | Gained mutation: Your spells are a little harder to cast,
                  | but a little more powerful. [potion of mutation]
 40559 | Vaults:1 | Reached skill level 15 in Armour
 40583 | Vaults:1 | Identified the +1 leather armour "Laopsa Qeusch" {rElec rN+
                  | Int+3}
 40598 | Vaults:1 | Received a gift from Trog
 40662 | Vaults:1 | Found Tokanka's Assorted Antiques.
 40665 | Vaults:1 | Bought a scroll of teleportation for 72 gold pieces
 40665 | Vaults:1 | Bought a scroll labelled UKESTR BAEZUANE for 24 gold pieces
 40665 | Vaults:1 | Bought a scroll of teleportation for 72 gold pieces
 40720 | Vaults:1 | Noticed Asterion
 40746 | Vaults:1 | Killed Asterion
 40982 | Vaults:1 | Identified the +7 great mace of Pomec {holy, rPois Will+}
 41072 | Vaults:1 | Found Xohe Loa's Armour Boutique.
 41076 | Vaults:1 | Bought a +2 pair of gloves of strength for 387 gold pieces
 41076 | Vaults:1 | Bought a +1 pair of boots of rampaging for 297 gold pieces
 41099 | Vaults:1 | Found Jasaliab's Book Boutique.
 41600 | Vaults:2 | Reached skill level 15 in Stealth
 41656 | Vaults:2 | Received a gift from Trog
 41660 | Vaults:2 | Reached skill level 15 in Shields
 41882 | Vaults:2 | Reached XP level 22. HP: 127/127 MP: 10/23
 41883 | Vaults:2 | Found a staircase to the Crypt.
 42343 | Vaults:2 | Identified the +3 spear "Yqifu" {flame, *Rage Int-5 Dex+4}
                  | (Trog gifted it to you on level 2 of the Vaults)
 42343 | Vaults:2 | Received a gift from Trog
 42991 | Vaults:3 | Found Leoxo's Assorted Antiques.
 43262 | Vaults:3 | Identified the +9 scimitar of Haxtyish {vorpal, *Rage rPois
                  | Str-4 SInv} (Trog gifted it to you on level 3 of the
                  | Vaults)
 43262 | Vaults:3 | Received a gift from Trog
 43682 | Vaults:3 | Reached skill level 16 in Stealth
 44412 | Vaults:4 | Reached XP level 23. HP: 132/132 MP: 24/24
 44682 | Vaults:4 | Received a gift from Trog
 45122 | Vaults:4 | Reached skill level 10 in Evocations
 45143 | Vaults:4 | Found a portal to a secret trove of treasure.
 45156 | Vaults:4 | Found Tealoydib's Magic Scroll Shoppe.
 45164 | Vaults:4 | Bought a scroll of enchant weapon for 135 gold pieces
 45309 | Vaults:4 | Noticed Mara
 45312 | Vaults:4 | Killed Mara
 45712 | Vaults:5 | Entered Level 5 of the Vaults
 46006 | Vaults:5 | Noticed a dread lich
 46015 | Vaults:5 | Received a gift from Trog
 46023 | Vaults:5 | Killed a dread lich
 46024 | Vaults:5 | Reached skill level 17 in Stealth
 46100 | Vaults:5 | Noticed a golden dragon
 46115 | Vaults:5 | Killed a golden dragon
 46168 | Vaults:5 | Got a silver rune of Zot
 46185 | Vaults:5 | Identified the amulet "Hewownor" {RegenMP *Slow +Inv rF-
                  | Dex+5}
 46232 | Vaults:5 | Reached XP level 24. HP: 134/138 MP: 24/24
 46308 | Vaults:5 | Noticed a dread lich
 46331 | Vaults:5 | Killed a dread lich
 46335 | Vaults:5 | Received a gift from Trog
 46411 | Vaults:5 | Identified the +10 trident "Gomuc" {protect, Contam rC+
                  | Will+ Dex+6}
 46416 | Vaults:5 | Noticed a dread lich
 46433 | Vaults:5 | Killed a dread lich
 46739 | Vaults:5 | Identified the ring "Mucvim Paypn" {rPois rC+ Int+6 SInv}
 46801 | Vaults:5 | Identified the ring of Light {Fire Drain rPois Int+2 Dex+4}
 46822 | Vaults:5 | Identified the +9 falchion of Trog's Vengeance {vorpal,
                  | Fragile rF+ rC++ rCorr} (Trog gifted it to you on level 5
                  | of the Vaults)
 46822 | Vaults:5 | Received a gift from Trog
 47049 | Vaults:5 | Reached skill level 18 in Stealth
 47368 | Vaults:5 | Found Uwoani Biezo's Distillery.
 47372 | Vaults:5 | Bought a potion of might for 88 gold pieces
 47410 | Vaults:5 | Found Teuschedgh's Distillery.
 47422 | Vaults:5 | Found Ilowon's Distillery.
 47426 | Vaults:5 | Bought a potion of haste for 200 gold pieces
 47718 | Vaults:5 | Reached XP level 25. HP: 128/144 MP: 24/24
 48009 | Crypt:1  | Entered Level 1 of the Crypt
 48084 | Crypt:1  | You fall into a shaft and drop 1 floor!
 48108 | Crypt:1  | Noticed Bai Suzhen
 48113 | Crypt:1  | Killed Bai Suzhen
 48140 | Crypt:1  | Received a gift from Trog
 48720 | Crypt:2  | Noticed Mennas
 48724 | Crypt:2  | Noticed Boris
 48769 | Crypt:1  | Received a gift from Trog
 49212 | Crypt:2  | Killed Boris
 49411 | Crypt:2  | Killed Mennas
 49412 | Crypt:2  | Reached skill level 19 in Stealth
 49622 | Crypt:2  | Received a gift from Trog
 50012 | Crypt:2  | Identified the ring "Fuiraurph" {Will+ rCorr}
 50262 | Crypt:3  | Entered Level 3 of the Crypt
 50785 | Crypt:3  | Found the +3 crown of Dyrovepreva {rElec Int+2 SInv}
 50828 | Crypt:3  | Identified the ring "Ocuti" {rC+ Int+2}
 50864 | Crypt:3  | Reached XP level 26. HP: 150/150 MP: 24/24
 51010 | Crypt:3  | Found an ancient bone altar of Kikubaaqudgha.
 51024 | Crypt:3  | Noticed a dread lich
 51030 | Crypt:3  | Killed a dread lich
 51069 | Crypt:3  | Found the +8 Vampire's Tooth {vamp}
 51086 | Crypt:3  | Identified the +3 longbow of Uskayaw's Grace {flame, Dex+3
                  | Stlth+}
 51099 | Crypt:3  | Noticed a dread lich
 51111 | Crypt:3  | Killed a dread lich
 51331 | Crypt:3  | Received a gift from Trog
 51628 | Crypt:3  | Found a staircase to the Tomb.
 51668 | Crypt:3  | Found the +4 robe of Folly {Brilliance Will-∞ Int+8}
 52069 | Tomb:1   | Entered Level 1 of the Tomb of the Ancients
 52571 | Tomb:1   | Received a gift from Trog
 52618 | Tomb:1   | Reached skill level 20 in Stealth
 52883 | Tomb:1   | Noticed a royal mummy
 52903 | Tomb:1   | Killed a royal mummy
 53060 | Tomb:1   | Identified the ring "Razxuimp" {rF+ rN+ Int-4 Stlth+}
 53147 | Tomb:1   | Noticed a royal mummy
 53159 | Tomb:1   | Killed a royal mummy
 53211 | Tomb:1   | Noticed a royal mummy
 53225 | Tomb:1   | Killed a royal mummy
 53847 | Tomb:1   | Noticed a royal mummy
 53847 | Tomb:1   | Noticed a royal mummy
 53847 | Tomb:1   | Noticed a royal mummy
 53850 | Tomb:1   | Noticed a royal mummy
 54039 | Tomb:2   | Noticed a royal mummy
 54039 | Tomb:2   | Noticed a royal mummy
 54043 | Tomb:2   | Noticed a royal mummy
 54044 | Tomb:2   | Noticed a royal mummy
 54045 | Tomb:2   | Noticed a royal mummy
 54058 | Tomb:2   | HP: 4/226 [death scarab (10)]
 54059 | Tomb:2   | Mangled by a death scarab

Illustrated notes

Levels and vault maps discovered:
D:1:      beargit_arrival_greenhouse, layout_basic,
          hellmonk_ecumenical_altar_leap_of_faith
D:2:      layout_loops_ring, serial_shops, shop, uniq_sigmund
D:3:      layout_rooms, uniq_robin
D:4:      layout_basic, fedhas_ov_isle_minmay, temple_doors_e
D:5:      layout_basic, minmay_small_thing
D:6:      kb_forest_paths, layout_gridville, uniq_eustachio
D:7:      lemuel_castle_with_subvaults [lemuel_castle_interior_carwin_3],
          layout_basic, mainiacjoe_overflow_concentric_impassable,
          mainiacjoe_overflow_small_starburst, chequers_serial_rivers_marsh,
          roderic_lattice_a, minivault_27, st_stairs_6, uniq_menkaure,
          uniq_harold, uniq_maggie
D:8:      layout_loops_corners
D:9:      layout_layer_cave, kennysheep_orc_monster_closet_entryway
D:10:     layout_loops_corners, grunt_qazlal_sundering, dpeg_lair_monsters
D:11:     layout_irregular_city, st_stairs_5, amcnicky_mini_pool_small,
          minmay_orc_keep
D:12:     layout_cross, portal_ice_cave_entry_ice_simulacra,
          hellmonk_bongcloud_opening
D:13:     layout_gridville, grunt_vaults_entry_tiered, st_stairs_5, uniq_urug
D:14:     layout_loops_ring, special_room [special_room_orc], ashenzari_altar_1,
          serial_bayou_pond_a, hex_large, uniq_snorg
Lair:1:   layout_hall_layers
Lair:2:   layout_cave_pods, swamp_mist_pool, beast_lair_carwin_5,
          grunt_megastairs_4
Lair:3:   layout_roguey, gauntlet_entry_generic, serial_bayou_ford_a,
          lemuel_fruit_tree
Lair:4:   layout_gridlike, guppyfry_snake_entry_island
Lair:5:   statuecave_lemuel, layout_long_grid, nicolae_slime_entry_slimehenge,
          lemuel_centaur_altar
Lair:6:   grunt_lair_end_beastmaster, layout_regular_city,
          serial_bayou_lagoon_a, infiniplex_staircase_pool_2,
          grunt_megastairs_3, serial_bayou_shore_a
Swamp:1:  layout_falls_marsh, gammafunk_ghost_split,
          nicolae_swamp_well_well_well, uniq_donald, uniq_kirke
Swamp:2:  layout_falls_marsh, serial_swamp_ruin, evilmike_swamp_ruin_house_6,
          evilmike_swamp_ruin_house_1, hangedman_swamp_ruin_wall, swamp_pool1
Swamp:3:  layout_basic_swamp, gammafunk_ghost_grave, nicolae_swamp_little_swirl,
          swamp_pool1, uniq_nikola
Swamp:4:  swamp_icy, layout_basic_swamp
Snake:1:  nrook_guardian_serpent_snake_passage, layout_basic,
          gammafunk_ghost_necromancy, statue_in_the_mist_lemuel
Snake:2:  layout_rooms, minmay_shop_star
Snake:3:  layout_misc_corridors, serial_bayou_lagoon_b
Snake:4:  hellmonk_snake_rune_quicksilver_temple, layout_basic, st_stairs_8,
          uniq_vashnia
Slime:1:  layout_caves, nicolae_slime_barrier
Slime:2:  layout_caves
Slime:3:  layout_caves, cheibrodos_slime_lost_civilization_4
Orc:1:    layout_caves, basic_altar, bh_open_orc_temple, uniq_sonja,
          uniq_jorgrun
Orc:2:    grunt_orc_cross, layout_diamond_mine, serial_shops, shop, shop_statue,
          nicolae_lakefront_shop, nicolae_shop_stone, nicolae_shop_crystal
Elf:1:    eino_elf_arrival_altar, layout_loops_cross, serial_shops,
          bzr_entry_lakeside, hangedman_elven_crosses_minicolossus, uniq_agnes
Elf:2:    nicolae_elf_blades_splatter_lattice [grunt_blade_entry_basic],
          layout_rooms, nicolae_elf_loose_elemental_storage
Elf:3:    minmay_elf_hall_curves, layout_geoelf_castle,
          nicolae_elf_blasts_and_bolts
Vaults:1: nicolae_vaults_diagonal_hallway_8, v_pattern_4,
          nicolae_vaults_yaktaur_gun_rack, nicolae_vaults_gold_heap,
          ontoclasm_vaults_decontamination, hangedman_vaults_restitches,
          ontoclasm_vaults_ligature, nicolae_vaults_circle_grid_a,
          nicolae_vaults_three_branches, layout_vaults_omnigrid, serial_shops,
          nicolae_shop_behind_doors, shop, shop_statue, uniq_asterion
Vaults:2: v_pattern_2, v_misc_2, ontoclasm_vaults_chip, vaults_standard_mumra_x,
          nicolae_vaults_network_quinsquares
          [nicolae_vaults_network_quincunx_subvault,
          nicolae_vaults_network_quincunx_subvault,
          nicolae_vaults_network_quincunx_subvault,
          nicolae_vaults_network_quincunx_subvault],
          minmay_crypt_entry_skeletal_spiral, hangedman_vaults_trim,
          nicolae_vaults_specimen_jars, vaults_room_large_hall,
          ontoclasm_vaults_ring_square, nicolae_vaults_little_squares_1,
          layout_vaults_ring
Vaults:3: hangedman_vaults_cutoff, v_misc_4, vaults_mumra_minichess, v_misc_2,
          v_misc_22, v_misc_5, v_misc_16, vaults_room_corners,
          vaults_room_stairs_pillars, layout_vaults_omnicross, serial_shops,
          nicolae_shop_overgrown_old_shop, uniq_margery
Vaults:4: nicolae_vaults_twisting_passages, hangedman_vaults_stagger,
          hangedman_vaults_river_flow, nicolae_vaults_mini_display_case,
          v_misc_5, v_misc_27, vaults_dpeg_hooks, grunt_vaults_hallway_short,
          nicolae_vaults_shelves_hall, layout_vaults_chaotic_city, serial_shops,
          shop, nicolae_trove_entry_isolated, uniq_mara
Vaults:5: serial_shops
Crypt:1:  layout_chaotic_city, uniq_bai_suzhen
Crypt:2:  minmay_skeleton_keep, layout_rooms, uniq_mennas, uniq_boris
Crypt:3:  quadcrypt_mu
Tomb:1
Tomb:2

Skill      XL: |  1  2  3  4  5  6  7  8  9 10 11 12 13 14 15 16 17 18 19 20 21 22 23 24 25 26 |
---------------+-------------------------------------------------------------------------------+-----
Fighting       | 3 4 5 7 9 12 13 14 15 16 17 18 19 | 19.7
Long Blades    | 3 4 5 6 7 9 10 12 13 14 15 16 17 18 19 | 19.2
Throwing       | 1 2 3 4 5 6 7 8 9 |  9.6
Armour         | 2 3 4 5 6 7 8 9 10 11 13 14 15 16 17 18 19 | 19.8
Dodging        | 2 3 4 5 6 7 |  7.3
Shields        | 1 2 3 4 5 6 8 9 10 11 12 13 14 15 | 15.0
Stealth        | 2 4 6 8 10 11 12 13 14 15 16 17 18 19 20 | 20.2
Evocations     | 2 3 4 5 6 7 8 9 10 11 | 11.8

Action                   |  1- 3 |  4- 6 |  7- 9 | 10-12 | 13-15 | 16-18 | 19-21 | 22-24 | 25-27 || total
-------------------------+-------+-------+-------+-------+-------+-------+-------+-------+-------++-------
Melee: Falchion          |    50 |   151 |   288 |   210 |       |       |       |   141 |  1068 ||  1908
       Bite              |    11 |    31 |   111 |   218 |   328 |   471 |   811 |   630 |   668 ||  3279
       Scimitar          |       |       |       |   421 |   736 |   898 |   733 |   674 |       ||  3462
       Long sword        |       |       |       |       |       |       |    67 |       |       ||    67
       Demon blade       |       |       |       |       |       |       |   747 |   270 |       ||  1017
       Headbutt          |       |       |       |       |       |       |   123 |   423 |   454 ||  1000
Throw: Stone             |    13 |       |    45 |   146 |       |       |       |       |       ||   204
       Boomerang         |       |       |     5 |    15 |   270 |   214 |       |       |       ||   504
       Dart              |       |       |       |    90 |   161 |    61 |   157 |    13 |     3 ||   485
       Javelin           |       |       |       |    22 |    17 |     4 |     3 |       |     7 ||    53
Invok: Berserk           |     1 |     2 |     8 |    22 |    20 |    16 |    15 |       |     9 ||    93
       Trog's Hand       |       |       |     2 |    11 |     5 |     6 |    10 |     4 |     8 ||    46
       Brothers in Arms  |       |       |       |     2 |     1 |     8 |     7 |     5 |     5 ||    28
Evoke: Box of beasts     |       |       |       |     1 |       |     2 |     1 |     1 |     1 ||     6
       Wand              |       |       |       |       |       |     5 |       |     1 |       ||     6
       Lightning rod     |       |       |       |       |       |     9 |     4 |       |       ||    13
       Phantom mirror    |       |       |       |       |       |       |     1 |       |       ||     1
       Tin of tremorston |       |       |       |       |       |       |       |     2 |       ||     2
  Use: Scroll            |       |     5 |    11 |     8 |    14 |    11 |    15 |     1 |     5 ||    70
       Potion            |       |       |       |     1 |     3 |     2 |     6 |     2 |     1 ||    15
 Stab: Sleeping          |       |       |     1 |     2 |     5 |    10 |    36 |    14 |    31 ||    99
       Distracted        |       |       |       |     1 |       |     5 |     4 |     5 |    12 ||    27
       Paralysed         |       |       |       |       |       |       |     1 |       |       ||     1
Armor: Ring mail         |    17 |     7 |       |       |       |       |       |       |       ||    24
       Leather armour    |       |    44 |   108 |    63 |       |       |       |       |       ||   215
       Swamp dragon scal |       |       |       |   137 |   178 |   166 |       |       |       ||   481
       Chain mail        |       |       |       |    13 |   138 |       |       |       |       ||   151
       Plate armour      |       |       |       |       |       |   202 |   582 |   385 |   294 ||  1463
Dodge: Dodged            |    29 |    76 |   193 |   493 |   386 |   314 |   385 |   270 |   228 ||  2374
Block: Buckler           |       |       |     6 |   160 |    98 |       |       |       |       ||   264
       Kite shield       |       |       |       |       |   293 |   495 |   949 |   716 |   645 ||  3098
       Reflection        |       |       |       |       |       |    38 |    39 |    89 |     4 ||   170

Table legend: (Time is in decaauts)
 A = Elapsed time spent in this place.
 B = Non-inter-level travel time spent in this place.
 C = Inter-level travel time spent in this place.
 D = Time resting spent in this place.
 E = Time spent auto-exploring this place.
 F = Levels seen in this place.
 G = Mean time per level.
                   A        B        C        D        E       F      G
               +--------+--------+--------+--------+--------+-----+--------+
         Total |  54047 |  51070 |   2977 |   5988 |  19277 |  49 | 1103.0 |
       Dungeon |  13598 |  13014 |    584 |    852 |   6856 |  14 |  971.3 |
          Lair |   6110 |   5287 |    823 |    196 |   2823 |   6 | 1018.3 |
         Swamp |   3518 |   3367 |    151 |    354 |   1255 |   4 |  879.5 |
     Snake Pit |   6170 |   6003 |    167 |   1651 |   1347 |   4 | 1542.5 |
    Slime Pits |   1886 |   1717 |    169 |    457 |    480 |   3 |  628.7 |
  Orcish Mines |   3198 |   2959 |    239 |    414 |   1006 |   2 | 1599.0 |
   Elven Halls |   5102 |   4965 |    137 |    738 |   1544 |   3 | 1700.7 |
        Vaults |   7986 |   7708 |    278 |    803 |   2837 |   5 | 1597.2 |
         Crypt |   3807 |   3639 |    168 |    121 |    857 |   3 | 1269.0 |
          Tomb |   1942 |   1685 |    257 |    383 |    249 |   2 |  971.0 |
         Abyss |    237 |    237 |      0 |     15 |      0 |   1 |  237.0 |
        Bazaar |    103 |    103 |      0 |      0 |      0 |   1 |  103.0 |
      Ice Cave |    383 |    383 |      0 |      0 |     19 |   1 |  383.0 |
               +--------+--------+--------+--------+--------+-----+--------+

Top non-repeatable levels by time:
   Elf:3: 2434 daAuts
 Snake:3: 2120 daAuts
     D:7: 2120 daAuts
  Tomb:1: 1919 daAuts
Vaults:5: 1916 daAuts
Vaults:4: 1824 daAuts
 Crypt:3: 1790 daAuts
 Snake:4: 1723 daAuts
   Orc:2: 1715 daAuts
   Elf:2: 1628 daAuts
     D:9: 1623 daAuts
 Snake:1: 1554 daAuts
  Lair:2: 1534 daAuts
Vaults:1: 1501 daAuts
   Orc:1: 1483 daAuts
